[Event "1st FIDE Olympiad DIS 2023"]
[Site "Belgrade"]
[Date "2023.02.03"]
[Round "5.12"]
[White "Andriienko, Artom"]
[Black "Batista Rivera, Idalis"]
[Result "1-0"]
[ECO "D47"]
[WhiteElo "1693"]
[BlackElo "1775"]
[Annotator "NA COMBH"]
[PlyCount "85"]
[EventDate "2023.01.30"]
[EventType "team-tourn"]
[EventCountry "SRB"]
[SourceTitle "playchess.com"]
[Source "ChessBase"]
[SourceQuality "1"]
[WhiteTeam "IPCA"]
[BlackTeam "Cuba"]
[WhiteTeamCountry "UKR"]
[BlackTeamCountry "CUB"]
[TimeControl "40/5400+30:1800+30"]

1. d4 d5 2. c4 c6 3. e3 Nf6 4. Nc3 e6 5. Nf3 Nbd7 6. Bd3 dxc4 7. Bxc4 b5 8. Bd3 Bb7 9. O-O Be7 10. e4 a6 11. e5 Nd5 12. Ne4 h6 13. a4 Qc7 14. Qe2 bxa4 15. Bd2 Qb6 16. Rxa4 a5 17. Nd6+ Bxd6 18. exd6 O-O 19. Ne5 N7f6 20. Nc4 Qxd4 21. Rd1 Qa7 22. Nxa5 Qb8 23. Rh4 Bc8 24. Nxc6 Qxd6 25. Nb4 Rd8 26. Nxd5 exd5 27. Bc3 Ba6 28. Bxa6 Rxa6 29. g3 Re8 30. Qb5 Rb8 31. Qd3 Rab6 32. Rf4 Rb3 33. Qc2 Qe7 34. Re1 Qd8 35. f3 R3b5 36. Rd1 Qb6+ 37. Kg2 Qe6 38. Qd2 Nh7 39. Re1 Rxb2 40. Bxb2 Rxb2 41. Qxb2 Qxe1 42. Rb4 Nf6 43. Rb8+ 1-0

[Event "1st FIDE Olympiad DIS 2023"]
[Site "Belgrade"]
[Date "2023.02.03"]
[Round "5.12"]
[White "Bolotov, Toktobek"]
[Black "Mekus, Manuela"]
[Result "1-0"]
[ECO "E94"]
[WhiteElo "1437"]
[BlackElo "1624"]
[Annotator "NA RC COMBH"]
[PlyCount "87"]
[EventDate "2023.01.30"]
[EventType "team-tourn"]
[EventCountry "SRB"]
[SourceTitle "playchess.com"]
[Source "ChessBase"]
[SourceQuality "1"]
[WhiteTeam "Kyrgyzstan"]
[BlackTeam "Germany"]
[WhiteTeamCountry "KGZ"]
[BlackTeamCountry "GER"]
[TimeControl "40/5400+30:1800+30"]

1. d4 Nf6 2. c4 g6 3. Nc3 Bg7 4. e4 d6 5. Be2 O-O 6. Nf3 Nbd7 7. O-O e5 8. d5 Nc5 9. Qc2 a5 10. Be3 Nfd7 11. Ne1 f5 12. f3 f4 13. Bf2 g5 14. a3 a4 15. Nd3 Nb3 16. Rab1 Nd4 17. Bxd4 exd4 18. Nd1 Ne5 19. Nxe5 Bxe5 20. Nf2 h5 21. h3 Kh8 22. b4 axb3 23. Rxb3 b6 24. Ra1 Bd7 25. Qd3 Rg8 26. Rb4 Qc8 27. Qd1 d3 28. Nxd3 Bxa1 29. Qxa1+ Rg7 30. e5 Bxh3 31. exd6 Bf5 32. Qe5 Bxd3 33. Bxd3 Rxa3 34. Bf5 Qd8 35. d7 Re3 36. Qd4 Kg8 37. Be6+ Kf8 38. c5 bxc5 39. Qxc5+ Re7 40. Rb7 Qa8 41. Rxc7 Qa1+ 42. Kh2 R3xe6 43. d8=Q+ Kf7 44. dxe6+ 1-0

[Event "1st FIDE Olympiad DIS 2023"]
[Site "Belgrade"]
[Date "2023.02.03"]
[Round "5.13"]
[White "Zaynidinov, Sirojiddin"]
[Black "Zambo, Zoltan Istvan"]
[Result "0-1"]
[ECO "B37"]
[WhiteElo "2042"]
[BlackElo "2301"]
[Annotator "TA"]
[PlyCount "176"]
[EventDate "2023.01.30"]
[EventType "team-tourn"]
[EventCountry "SRB"]
[SourceTitle "playchess.com"]
[Source "ChessBase"]
[SourceQuality "1"]
[WhiteTeam "Uzbekistan"]
[BlackTeam "Hungary"]
[WhiteTeamCountry "UZB"]
[BlackTeamCountry "HUN"]
[TimeControl "40/5400+30:1800+30"]

1. c4 c5 2. Nf3 Nc6 3. Nc3 g6 4. d4 cxd4 5. Nxd4 Bg7 6. Nc2 Bxc3+ 7. bxc3 Qa5 8. Bd2 Nf6 9. f3 d6 10. e4 Bd7 {[%emt 0:02:05] [#] B37: Sicilian: Maroczy Bind with 5...Bg7, sidelines.} 11. Nb4 $146 ({Predecessor:} 11. Be2 Rc8 12. Ne3 Be6 13. Qb1 b6 14. f4 Qc5 15. f5 Bd7 16. Nd5 Nxd5 17. cxd5 Ne5 18. fxg6 hxg6 {0-1 Gogolev,A (2306)-Bok,B (2591) Chigorin Memorial 23rd 2015 (2)}) 11... Rc8 12. Nd5 Ne5 {[%emt 0:01:04] The position is equal.} 13. Qb3 b6 14. Rc1 Be6 15. Bg5 (15. c5 $11 Qxc5 16. c4) 15... Nfd7 $15 16. Be2 Nc5 17. Qb1 (17. Qb5+ $2 Qxb5 18. cxb5 Ncd3+ 19. Kd2 Nxc1 20. Rxc1 f6 $19) 17... f6 18. Be3 Qa4 19. Bd4 Nxc4 {[%emt 0:02:49] A dynamic duo of knights.} 20. Kf2 Kf7 21. Rhd1 {[%emt 0:03:32] Prevents Nd2.} Bd7 22. Kg1 Ne6 23. Bf2 Nc7 (23... g5 {with more complications.} 24. h4 Nf4 25. Bf1 h6) 24. Nb4 Nb5 25. Nd5 Nba3 26. Qb3 Na5 (26... Qa5 $17 {And now ...Ba4 would win.} 27. Re1 Ba4) 27. Qb4 Qxb4 28. cxb4 Nb7 (28... N5c4 $11) 29. Ba6 $18 Bc6 30. Nf4 (30. Rxc6 $6 Rxc6 31. Bxb7 Rc2 $16) 30... b5 $2 (30... g5) 31. Rxc6 {[%emt 0:00:15][%mdl 64] [#] Remove Defender} Rxc6 32. Bxb7 Rc2 33. Bxa7 e6 (33... e5 {was necessary.}) 34. Rxd6 Rc7 {[%emt 0:00:22] Prevents Rd7+} 35. Ra6 $2 ({But not} 35. Nxe6 Rxb7 36. Bc5 Nc4 37. Nd8+ Rxd8 38. Rxd8 Ne5 $18) ({White should try} 35. Rb6 $18) 35... Rxb7 $11 36. Bc5 (36. Rxa3 $2 {too greedy.} Ra8 37. Rc3 Raxa7 $19) 36... Nc4 37. Nxe6 Ne5 38. f4 Re8 39. f5 Rd7 40. Rb6 (40. Kf2 $11 {and White has nothing to worry.}) 40... gxf5 (40... Rd1+ $19 41. Kf2 Ra8 42. Rb7+ Rd7 43. Rxd7+ Nxd7) 41. exf5 Ng4 42. Kf1 (42. Rxb5 $2 Rd1#) 42... Nh6 43. Nd4 Re5 44. Rxb5 Nxf5 45. Nf3 Re4 {[%emt 0:00:00][%mdl 1024] Black has compensation.} 46. Bf2 (46. Rb8 $15) 46... Rd1+ $17 47. Be1 Nh4 {[%emt 0:00:00] White must now prevent ...Nxf3.} 48. Rb7+ Ke6 {[%emt 0:00:00] ...Nxf3 would be deadly.} 49. Nxh4 Rdxe1+ $15 {[%emt 0:00:00][%mdl 4096] Endgame KRR-KRN} 50. Kf2 Ra1 51. Rxh7 Rxa2+ 52. Kg3 Rxb4 53. Kh3 Ra3+ 54. Nf3 Kf5 55. Rg7 Rb8 56. Kg3 Rh8 57. h3 Rb8 58. Rg4 Rb2 59. Rg8 Ke6 60. Rg7 Rb4 61. Kh2 f5 62. Rg6+ Kd5 63. Rf6 Ke4 64. Re6+ Kf4 65. Rh6 {[%emt 0:00:34] Threatens to win with Rh4+.} Ke3 66. Rf6 f4 67. Re6+ Re4 68. Rf6 Kf2 69. Nh4 Rg3 70. Rf8 Ra3 71. Nf3 Rb4 72. Ne5 Rc3 73. Ng6 Ke3 74. Nh4 Rc1 {[%emt 0:00:41] ...Rbb1 is the strong threat.} 75. Re8+ Kd3 76. Rd8+ Ke4 (76... Ke2 $5 77. Rf8 Ke3 $17) 77. Re8+ Kd5 78. Rf8 Rf1 79. Nf3 Rb2 80. Rf5+ (80. Rxf4 $11 Rff2 81. h4) 80... Kd6 {[%emt 0:00:37] Black is much more active.} (80... Ke4 $15 81. Re5+ Kd3) 81. Rf6+ $11 Kd5 ({Better is} 81... Ke7 $11 82. Rxf4 Rff2) 82. Rf5+ $15 Ke4 83. Re5+ Kd3 {[%emt 0:00:51][%cal Ob2b1] ( -> ...Rbb1!)} 84. Ne1+ $2 {[%emt 0:00:36][%mdl 8192] [#]} (84. Ra5 $15) 84... Kd4 85. Re8 Rb1 86. Nc2+ Kd5 (86... Kc3 $142 87. Re1 Rfxe1 88. Nxe1 Rxe1 89. h4 Kd3 90. h5 Kd4 91. Kh3 Ke4 92. Kg4 Rg1 93. Kh3 Rh1+ 94. Kg4 Rh2 95. h6 Rxh6 96. Kg5 Rc6 97. Kg4 Rg6+ 98. Kh3 Rg3+ 99. Kh2 Ke3 100. Kh1 Kf2 101. Kh2 f3 102. gxf3 Rxf3 103. Kh1 Rh3#) 87. Rd8+ Ke5 88. Re8+ Kd6 {[%emt 0:00:06] Black used his chance.   Weighted Error Value: White=0.24 (precise) /Black=0.21 (precise)} 0-1

[Event "1st FIDE Olympiad DIS 2023"]
[Site "Belgrade"]
[Date "2023.02.03"]
[Round "5.13"]
[White "Miheso, Clement Chomu"]
[Black "Gora, Tapiwa"]
[Result "0-1"]
[ECO "A59"]
[WhiteElo "1615"]
[BlackElo "1959"]
[Annotator "TA"]
[PlyCount "106"]
[EventDate "2023.01.30"]
[EventType "team-tourn"]
[EventCountry "SRB"]
[SourceTitle "playchess.com"]
[Source "ChessBase"]
[SourceQuality "1"]
[WhiteTeam "Kenya"]
[BlackTeam "Zimbabwe"]
[WhiteTeamCountry "KEN"]
[BlackTeamCountry "ZIM"]
[TimeControl "40/5400+30:1800+30"]

1. d4 Nf6 2. c4 c5 3. d5 b5 4. cxb5 a6 5. bxa6 Bxa6 6. Nc3 g6 7. e4 Bxf1 8. Kxf1 d6 9. Nge2 Bg7 10. h4 {[%emt 0:00:31] A59: Benko/Volga Gambit: White castles by hand.} Nbd7 11. Ng3 h5 {[%emt 0:00:12] [#]} 12. Qc2 $146 {[%emt 0:02:04] The position is equal.} ({Predecessor:} 12. Bf4 Ng4 13. f3 Nge5 14. Qe2 O-O 15. Rh3 Qa5 16. Nh1 Rfb8 17. Nf2 Qb4 18. Bc1 {0-1 Da Silva,A (1679)-Predebon,E (1790) Porto Alegre Regional Sul 2019 (4)}) 12... Qa5 (12... Qb6 $11 {is superior.}) 13. Bd2 O-O {[%emt 0:00:27][%mdl 1024] Black has compensation.} 14. Kg1 Rfb8 15. b3 (15. f3 $11 {keeps the balance.}) 15... Ng4 $17 16. Nge2 Qa7 {[%emt 0:00:19][%cal Ob8b3] Black is much more active. The white rooks are badly placed.} 17. Rh3 Bf6 (17... c4 {with more complications.} 18. Rf1 Be5 19. bxc4 Bf6) 18. Rf1 Kg7 19. Bc1 Rb7 (19... c4 {keeps more tension.} 20. Bd2 Kg8 21. Na4 Nc5) 20. Qd2 (20. Na4 $11) 20... Kg8 21. Qc2 Nb8 (21... c4 $15) 22. a4 $14 Na6 23. Nb5 Qb6 24. Nf4 Nc7 25. Nxc7 ({White should try} 25. Na3 $16) 25... Rxc7 $11 26. Nd3 Rb8 27. Nb2 $1 Rcb7 (27... Bxb2 $11 28. Bxb2 c4) 28. Nc4 $16 Qd8 29. Bb2 Bxb2 30. Qxb2 Rb4 {[%emt 0:00:25] White must now prevent ...Rxc4.} 31. Qc2 Qf8 32. Na5 $1 Ra8 33. Nc6 Rb7 34. Qc3 Qg7 35. Qxg7+ ({Better is} 35. Qd2 $1 $16) 35... Kxg7 $11 36. Rc3 f5 $2 (36... Ra6 $11) 37. exf5 $18 gxf5 38. Re1 Kf7 39. a5 $2 (39. Rf3 $18) 39... Kf8 $2 (39... Nf6 $16) 40. Ra1 $2 (40. Rf3 $18) 40... Nf6 $14 41. a6 (41. Rd1 $14) 41... Rc7 $2 {[%emt 0:31:28] [#]} (41... Rb6 $15 {stays ahead.} 42. Re1 Rbxa6) 42. Nd4 Rca7 $1 $11 43. Ne6+ Kf7 44. Re1 Rxa6 {[%emt 0:03:04] ...Ra1 would be deadly.} 45. Ng5+ Ke8 46. Rd1 (46. Rf3 $15) 46... Ra1 $17 47. Rcd3 Rxd1+ 48. Rxd1 {[%emt 0:00:15][%mdl 4096] Endgame KRN-KRN} Ra3 49. Ne6 Kf7 {[%emt 0:03:59] Wards off Ng7} 50. Nd8+ Kf8 51. Ne6+ {[%emt 0:00:26] [#]} Kg8 $1 52. Rd3 (52. Nf4 $17) 52... Ng4 {[%emt 0:01:13] ( -> ...Ra1+)} 53. Rg3 $2 (53. g3 $17) 53... Ra1# {[%emt 0:00:15] Black used his chance.   Weighted Error Value: White=0.63/Black=0.38} 0-1

[Event "1st FIDE Olympiad DIS 2023"]
[Site "Belgrade"]
[Date "2023.02.03"]
[Round "5.14"]
[White "Mate, Balazs"]
[Black "Mamarajabov, Sardorbek"]
[Result "1-0"]
[ECO "B41"]
[WhiteElo "2015"]
[BlackElo "1712"]
[Annotator "TA"]
[PlyCount "117"]
[EventDate "2023.01.30"]
[EventType "team-tourn"]
[EventCountry "SRB"]
[SourceTitle "playchess.com"]
[Source "ChessBase"]
[SourceQuality "1"]
[WhiteTeam "Hungary"]
[BlackTeam "Uzbekistan"]
[WhiteTeamCountry "HUN"]
[BlackTeamCountry "UZB"]
[TimeControl "40/5400+30:1800+30"]

1. e4 c5 2. Nf3 e6 3. d4 cxd4 4. Nxd4 a6 5. c4 Nf6 6. Nc3 Qc7 {[%emt 0:00:31] 6...Qc7 is better than 6...Bb4.} 7. Be3 Bb4 8. Bd3 (8. Qb3 $5 Bc5 9. f3 $11) 8... Nc6 {[%emt 0:00:14] B41: Sicilian: Kan Variation: 5 c4.} 9. Nde2 {[%emt 0:06:50] [#]} ({Better is} 9. Rc1 $14) 9... Ng4 $146 ({Predecessor:} 9... Ne5 10. O-O Bxc3 11. Nxc3 Neg4 12. g3 Nxe3 13. fxe3 h5 14. Qf3 d6 15. Rac1 Ng4 16. Qf4 {0-1 Cuevas Feliz,F (1832)-Guzman,C (2276) Santo Domingo Duarte Memorial 7th 2018 (1)}) 10. Bf4 Nge5 {[%emt 0:02:45] Black has an edge.} 11. O-O d6 12. b3 Bc5 13. Qd2 O-O 14. Rad1 Rd8 15. Bb1 f6 (15... Rb8 $5 ) 16. h3 Bd7 17. Be3 Be8 18. f4 Nf7 19. Nd4 (19. f5 $16) 19... Nxd4 20. Bxd4 b5 21. cxb5 axb5 (21... Rac8 {simplifies} 22. Rc1 axb5 23. Bxc5 dxc5 24. Qe3 b4) 22. f5 exf5 23. Nd5 Qa7 24. Rxf5 (24. exf5 $14 Bc6 25. Nf4) 24... Ne5 25. Kh2 Rac8 {[%emt 0:13:34] [#] Hoping for ...Bxd4.} 26. Bb2 Kh8 27. Rff1 Bf7 28. Qf4 Rf8 29. Qh4 Ng6 30. Qg3 {[%emt 0:03:07][%cal Od5f6] White wants to play Nxf6!} Ne5 31. Qf4 Bxd5 32. exd5 $40 {[%emt 0:03:00][%mdl 128] White has some attack.} Qe7 33. Qh4 g6 34. Kh1 Kg8 35. Qg3 Qg7 36. Rf4 b4 37. Bc1 g5 38. Rf5 Bd4 {[%emt 0:00:45] Black is on the road to losing.} 39. Bd2 h6 (39... Bc3 $16 {was necessary.} 40. Bxg5 Rf7) 40. Bxb4 $18 Bc5 41. Bc3 Qb7 42. Qe1 Rce8 (42... Ba3 $142 43. Rf1 Rc7) 43. Qd2 Qg7 44. Rdf1 g4 (44... Ba3 {keeps fighting.} 45. b4 Rb8) 45. Bd4 Nd7 $2 (45... Bxd4 46. Qxd4 Nd7) 46. Bxc5 Nxc5 47. Qf4 g3 48. Qxd6 (48. Rxf6 Rxf6 49. Qc4 Rxf1+ 50. Qxf1 Re3 51. h4 Qe5) 48... Ne4 49. Bxe4 Rxe4 50. R5f3 (50. Rxf6 $2 {perishes.} Rxf6 51. Qb8+ Kh7 $19) 50... Re5 {[%emt 0:01:09] [#]} (50... Kh8 $18 51. Rxg3 (51. Rxf6 $2 {too greedy.} Rxf6 52. Qb8+ Kh7 $19) 51... Qe7 52. Qxe7 Rxe7) 51. Qxe5 $3 {[%emt 0:01:41][%mdl 512] White mates.} fxe5 52. Rxf8+ Qxf8 53. Rxf8+ Kxf8 {[%emt 0:00:01] KP-KP} 54. Kg1 Ke7 55. Kf1 Kd6 56. Ke2 Kxd5 57. Ke3 h5 58. a4 h4 59. b4 {[%emt 0:00:19] Weighted Error Value: White=0.14 (very precise) /Black=0.34} 1-0

[Event "1st FIDE Olympiad DIS 2023"]
[Site "Belgrade"]
[Date "2023.02.03"]
[Round "5.14"]
[White "CHIKAFU, ONAI"]
[Black "Sadam Ali Sheikh"]
[Result "1-0"]
[ECO "C01"]
[WhiteElo "1494"]
[BlackElo "1578"]
[Annotator "NA COMBH"]
[PlyCount "115"]
[EventDate "2023.01.30"]
[EventType "team-tourn"]
[EventCountry "SRB"]
[SourceTitle "playchess.com"]
[Source "ChessBase"]
[SourceQuality "1"]
[WhiteTeam "Zimbabwe"]
[BlackTeam "Kenya"]
[WhiteTeamCountry "ZIM"]
[BlackTeamCountry "KEN"]
[TimeControl "40/5400+30:1800+30"]

1. e4 e6 2. d4 d5 3. exd5 exd5 4. Nf3 Bd6 5. Bd3 Ne7 6. O-O Bf5 7. Re1 O-O 8. Nc3 Bxd3 9. Qxd3 c6 10. Bg5 f6 11. Bh4 Nd7 12. Re6 Nb6 13. Rae1 Ng6 14. Bg3 Bxg3 15. hxg3 Qd7 16. Qf5 Rae8 17. b3 Re7 18. Qh3 Rfe8 19. Rxe7 Rxe7 20. Qxd7 Nxd7 21. Kf1 Kf7 22. Rxe7+ Kxe7 23. Ke2 Kd6 24. Nd1 Ne7 25. Ne3 b5 26. Ne1 b4 27. Nd3 a5 28. Nf4 g6 29. Kd3 Nc8 30. c4 bxc3 31. Kxc3 Nf8 32. Ng4 Nd7 33. b4 axb4+ 34. Kxb4 c5+ 35. dxc5+ Kc6 36. Ne2 f5 37. Nd4+ Kc7 38. Ne3 Ne7 39. Kb5 Ne5 40. a4 Ng4 41. Nxg4 fxg4 42. a5 Nc8 43. c6 Kd6 44. Ka6 Kc5 45. Kb7 Nd6+ 46. Kc7 Nc4 47. a6 Nb6 48. Ne6+ Kb5 49. Kb7 Nc4 50. a7 Na5+ 51. Kc7 Nxc6 52. a8=Q Nb4 53. Qh8 Kc4 54. Qd4+ Kb3 55. Nc5+ Ka3 56. Qc3+ Ka2 57. Qxb4 h5 58. Nd3 1-0

[Event "1st FIDE Olympiad DIS 2023"]
[Site "Belgrade"]
[Date "2023.02.03"]
[Round "5.15"]
[White "Shayusupov, Marsel"]
[Black "Paal-Szucs, Attila"]
[Result "1/2-1/2"]
[ECO "A61"]
[WhiteElo "1580"]
[BlackElo "2141"]
[Annotator "TA"]
[PlyCount "173"]
[EventDate "2023.01.30"]
[EventType "team-tourn"]
[EventCountry "SRB"]
[SourceTitle "playchess.com"]
[Source "ChessBase"]
[SourceQuality "1"]
[WhiteTeam "Uzbekistan"]
[BlackTeam "Hungary"]
[WhiteTeamCountry "UZB"]
[BlackTeamCountry "HUN"]
[TimeControl "40/5400+30:1800+30"]

1. d4 Nf6 2. c4 c5 3. d5 e6 4. Nc3 exd5 5. cxd5 d6 6. Nf3 g6 7. Nd2 Nbd7 8. Nc4 {[%emt 0:06:58] A61: Modern Benoni: Nf3 without early e4.} Nb6 {[%emt 0:00:22] [#]} 9. Bg5 Nxc4 $15 10. Qa4+ Bd7 11. Qxc4 {[%emt 0:00:01] And now Ne4 would win.} Bg7 {[%emt 0:01:50] [#]} 12. Ne4 $146 ({Predecessor:} 12. e3 O-O 13. Qh4 Re8 14. Be2 b5 15. a3 b4 16. axb4 cxb4 17. Qxb4 Nxd5 18. Qh4 {1-0 Szeberenyi,A (2313)-Annageldyev,O (2371) Budapest FS03 IM 2015 (5)}) 12... Qe7 13. Nxf6+ Bxf6 14. Bxf6 Qxf6 15. Qc3 Qxc3+ 16. bxc3 b5 17. e3 O-O 18. Kd2 Rab8 19. Be2 Rb6 20. Rhb1 Rfb8 21. g4 f6 (21... b4 $5 22. c4 f5 $11) 22. h4 b4 23. cxb4 Rxb4 24. Rxb4 Rxb4 $11 {[%emt 0:00:16][%mdl 4096] Endgame KRB-KRB} 25. Kc3 Bxg4 26. a3 Re4 27. Bd3 (27. Bxg4 $15 Rxg4 28. Rb1) 27... Re7 $1 $17 28. Rb1 Bf3 (28... Kg7 $17 29. Kd2 Rd7) 29. Rb8+ $15 Kg7 30. Rd8 {[%emt 0:00:31] Kc4 would be deadly.} Bxd5 31. Rxd6 Bb7 32. Kc4 Rc7 33. e4 Kf7 $1 34. f4 Re7 35. e5 {[%emt 0:11:30][%mdl 64] Deflection} fxe5 36. fxe5 (36. f5 $17 e4 37. fxg6+ hxg6 38. Be2) 36... Rxe5 $19 37. Rd7+ Re7 38. Rxe7+ Kxe7 39. Kxc5 {[%emt 0:00:03] KB-KB} Ke6 40. Kd4 Kf6 (40... Bc6 $142 41. Ke3 Ke5) 41. a4 $17 h6 42. a5 g5 43. hxg5+ hxg5 44. Be4 {[%emt 0:04:04] Prevents g4} Bc8 ({Much weaker is} 44... Bxe4 $6 45. Kxe4 Kg7 46. Kf5 $11) 45. Bf3 {[%emt 0:00:00] [#]} Kf5 $1 46. Ke3 Ke5 47. Bg2 Bg4 48. Bb7 Bd1 49. Kd2 Bb3 50. Ke3 Bd5 51. Bc8 Bc6 52. a6 Bd5 53. Kf2 Kf4 54. Bd7 Be4 55. Bc8 Bf3 56. Bd7 Bd1 57. Bc6 Bc2 58. Bd5 Bd3 59. Bb7 Bc4 60. Bc8 Ke4 61. Kg3 Be2 62. Kf2 Kd3 (62... Bh5 $17 {...Kf4 is the strong threat.} 63. Kg3 Ke5) 63. Bd7 (63. Bf5+ $1 $11 Kd2 64. Bc8) 63... Kd2 (63... Bh5 $17 64. Kg3 Ke4 65. Bc6+ Kf5) 64. Bc8 $11 Bd1 65. Kg3 $1 Be2 (65... Kc3 $5) 66. Kf2 $1 Kd3 (66... Bd3 $11) 67. Bd7 $17 Bd1 68. Bh3 Kd4 69. Bf1 Kc5 {[%emt 0:00:35] Strongly threatening ...Ba4.} 70. Ke3 $2 (70. Kg3 $17) 70... Bg4 $19 71. Bg2 {[%emt 0:05:59] [#]} Kb6 $2 (71... Bd7 $1 $19 {and Black stays clearly on top.} 72. Bb7 Bc6) 72. Bb7 $17 Bd7 (72... Bd1 $17 73. Kf2 Bh5) 73. Ke4 $1 $15 Bg4 (73... Be6 $15) 74. Kd3 (74. Ke3 $11 {was the only way to keep the balance.}) 74... Bf5+ ({Black should play} 74... Bh3 {Hoping for ...Bf1+.} 75. Ke2 Be6) 75. Ke3 (75. Kd4 $142) 75... Bc2 76. Bc8 Ba4 (76... Kc7 $142 77. Bb7 Kb6) 77. Ke4 $17 Bb5 78. Kf5 Bxa6 79. Be6 Kc5 {[%emt 0:00:07] aiming for ...Bc4.} 80. Kxg5 Bc4 81. Bd7 a5 ({Better is} 81... Bb5 $17 82. Bg4 Kd4) 82. Kf4 $11 Kd4 83. Bc6 Bd3 84. Bd7 Bc4 85. Bc6 Kd3 86. Bd7 Kc3 87. Ke3 {[%emt 0:00:08] Weighted Error Value: White=0.11 (very precise) /Black=0.07 (flawless)} 1/2-1/2

[Event "1st FIDE Olympiad DIS 2023"]
[Site "Belgrade"]
[Date "2023.02.03"]
[Round "5.16"]
[White "Acs, Gabor"]
[Black "Kimsanboyev, Axadxon"]
[Result "0-1"]
[ECO "B22"]
[WhiteElo "2101"]
[BlackElo "1600"]
[Annotator "TA"]
[PlyCount "108"]
[EventDate "2023.01.30"]
[EventType "team-tourn"]
[EventCountry "SRB"]
[SourceTitle "playchess.com"]
[Source "ChessBase"]
[SourceQuality "1"]
[WhiteTeam "Hungary"]
[BlackTeam "Uzbekistan"]
[WhiteTeamCountry "HUN"]
[BlackTeamCountry "UZB"]
[TimeControl "40/5400+30:1800+30"]

1. e4 c5 2. c3 Nf6 3. e5 Nd5 4. d4 cxd4 5. Nf3 e6 6. cxd4 b6 7. Bd2 Bb7 $1 {[%emt 0:00:31] 7...Bb7 is better than 7...Be7. B22: Sicilian: 2 c3.} 8. Nc3 Nxc3 9. Bxc3 Be7 {[%emt 0:00:10] The position is equal.} 10. Bd3 O-O (10... Bd5 $11) 11. O-O (11. h4 $14 {might be stronger.}) 11... d6 $11 12. Qe2 Nd7 13. Rfd1 Qc7 14. Rac1 {[%emt 0:04:41] next Bb4 is good for White.} Rac8 {[%emt 0:02:08] [#]} 15. Nd2 $146 ({Predecessor:} 15. Bb5 Rfd8 16. Bb4 Qxc1 17. Rxc1 Rxc1+ 18. Ne1 Bf8 19. Bd2 Rc7 20. f4 dxe5 21. fxe5 {0-1 Wengler,J (2081)-Gypser,A (2199) Bayern-chI Bank Hofmann 4th 2000 (7)}) 15... dxe5 $1 16. dxe5 Nc5 17. Bb1 Qc6 18. f3 Ba6 $40 {[%emt 0:09:40][%mdl 128] Black is up to no good.} (18... Bg5 {is interesting.} 19. Bd4 Qd5 20. Bf2 Ba6) 19. Qe1 (19. Qe3 {with more complications.} Qb5 20. Ne4 Nxe4 21. Bxe4 Rfd8 22. Kh1) 19... Bd3 20. b4 {[%emt 0:12:02] [#]} Bxb1 $1 21. Nxb1 Na6 (21... Na4 $5 ) 22. a3 Qb7 23. Rd3 Rfd8 24. Rcd1 Nc7 25. Rd7 Kf8 (25... Rxd7 $15 26. Rxd7 Bf8) 26. b5 (26. Rxd8+ $1 $11 Rxd8 27. Rxd8+ Bxd8 28. Bd2) 26... Rxd7 $17 27. Rxd7 Ke8 28. Qd2 {[%emt 0:07:44][%cal Od7e7] Threatens to win with Rxe7+!} Rd8 (28... Bc5+ $17 29. Kf1 Qa8) 29. Rxd8+ $15 Bxd8 30. Qd3 (30. a4 $1 $11) 30... g6 ({Better is} 30... Qd5 $17 31. Qxd5 exd5) 31. Nd2 (31. a4 $11 {keeps the balance.}) 31... Be7 (31... Qd5 $17 32. Qxd5 exd5) 32. Ne4 $2 {[%emt 0:01:06] This costs White the game.} (32. a4 $1 $11 {and White is okay.}) 32... Qd5 $1 $19 33. Qe3 (33. Qc2 {is a better defense.}) 33... Nxb5 34. Bb4 Qxe5 {[%emt 0:02:42] Hoping for ...Bxb4.} 35. Bxe7 Kxe7 {[%emt 0:00:20][%mdl 4096] Endgame KQN-KQN} 36. a4 Qd4 37. Kf2 Qxe3+ 38. Kxe3 {[%emt 0:00:01] KN-KN} Nd6 {[%emt 0:00:32] aiming for ...Nxe4.} 39. Nc3 a6 40. g4 f6 41. f4 Kd7 42. Kd4 Kc6 43. g5 fxg5 44. fxg5 Nf7 45. h4 $2 (45. Ne4) 45... e5+ 46. Ke4 Kc5 47. Nd5 b5 48. axb5 axb5 49. Nf6 b4 50. Nxh7 b3 {[%emt 0:00:06] Black mates.} 51. Kd3 {[%emt 0:00:05] [#]} e4+ $1 52. Kc3 e3 53. h5 e2 54. Kd2 b2 {[%emt 0:00:06] Weighted Error Value: White=0.64/Black=0.15 (very precise)} 0-1

[Event "1st FIDE Olympiad DIS 2023"]
[Site "Belgrade"]
[Date "2023.02.03"]
[Round "5.17"]
[White "Sarkar, Justin"]
[Black "Alam, Khorshed"]
[Result "1-0"]
[ECO "D11"]
[WhiteElo "2345"]
[BlackElo "2065"]
[Annotator "TA"]
[PlyCount "47"]
[EventDate "2023.01.30"]
[EventType "team-tourn"]
[EventCountry "SRB"]
[SourceTitle "playchess.com"]
[Source "ChessBase"]
[SourceQuality "1"]
[WhiteTeam "FIDE"]
[BlackTeam "Bangladesh"]
[WhiteTeamCountry "USA"]
[BlackTeamCountry "BAN"]
[TimeControl "40/5400+30:1800+30"]

1. d4 d5 2. c4 c6 3. Nf3 Nf6 4. Nbd2 Qa5 5. e3 Bg4 6. Qb3 {[%emt 0:11:53] D11: Slav Defence: 3 Nf3 sidelines and 3...Nf6 4 e3 Bg4.} Qc7 7. Ne5 {[%emt 0:06:54] [#]} Bf5 $146 ({Predecessor:} 7... e6 8. h3 Bf5 9. g4 Be4 10. Nxe4 Nxe4 11. Bg2 Nf6 12. Bd2 Nbd7 13. f4 Nxe5 14. fxe5 dxc4 15. Qxc4 {1-0 Rogers,I (2558)-Stead,K (2125) Australian op 2000 (5)}) 8. cxd5 {[%emt 0:23:08] White is better.} cxd5 {[%emt 0:00:16] [#]} 9. e4 $1 Be6 10. Bb5+ Nc6 11. Qa4 {[%emt 0:13:18] White is more active.} dxe4 12. Nxc6 bxc6 13. Bxc6+ Bd7 14. Bxd7+ (14. Nxe4 $2 Bxc6 15. Nxf6+ gxf6 $19) 14... Qxd7 15. Qxd7+ Kxd7 16. O-O Kc6 (16... e6 $11 {remains equal.}) 17. Re1 Kd5 18. Nb1 Kxd4 19. Nc3 (19. Bf4 $14 {is superior.}) 19... e6 $2 {[%emt 0:00:51] [#] Loses the game.} (19... Ke5 $1 $11) 20. Bf4 $1 $36 {[%emt 0:02:38][%mdl 2048] Strongly threatening Rac1. Keeping Black busy.} Bb4 $2 (20... Kc5) 21. Rac1 {[%emt 0:04:46] Threatening mate with Nb5+.} Bxc3 (21... Kc5 22. Nd5+ (22. Nxe4+ Kb5 $11) 22... Kb5 23. Nxb4 Kxb4) 22. Rxc3 {[%emt 0:01:51][%cal Re1d1] White is clearly winning.} e3 23. f3 ({Weaker is} 23. fxe3+ Ke4 $16) ({Not} 23. Bxe3+ Kd5 24. Rc7 Rhf8 $16) (23. Rcxe3 Rac8 24. Rb3 Kd5 $16) (23. Rexe3 Rhc8 $16) 23... Ne4 24. Rd1+ {[%emt 0:00:17] Weighted Error Value: White=0.24 (precise) /Black=0.57} 1-0